[Event "*** Titled Tuesday Blitz"]
[Site "Chess.com"]
[Date "2019.04.02"]
[Round "8"]
[White "dreamist"]
[Black "Hikaru"]
[Result "1-0"]
[WhiteElo "2759"]
[BlackElo "3162"]
[TimeControl "180+2"]
[EndTime "15:51:20 PDT"]
[Termination "dreamist won by resignation"]

1. e4 e5 2. Nf3 Nc6 3. Bb5 Nf6 4.
O-O Nxe4 5. Re1 Nd6 6. Nxe5 Be7 7. Bf1 Nf5 8. c3 Nxe5 9. Rxe5 d6 10. Re1 O-O 11. d4 d5 12. Bf4 Bd6 13. Bxd6 Nxd6 14. Bd3 c6 15. Nd2 Qg5 16. Nf3 Qh6 17. Qd2 Qxd2 18. Nxd2 f6 19. Re7 Rf7 20. Rae1 Kf8 21. R7e2 g6 22. g3 b6 23. Kg2 a5 24. c4 Ba6 25. b3 Rd8 26. h4 dxc4 27. bxc4 Bc8 28. Nf3 Bg4 29. Rb2 Bxf3+ 30. Kxf3 Nc8 31. Be4 Rc7 32.
Rd1 c5 33. d5 Re7 34. Bd3 Kg7 35. g4 Rb7 36. Re1 Kf7 37. h5 Nd6 38. hxg6+ hxg6 39. a4 Re8 40. Rxe8 Nxe8 41. Re2 Ng7 42. Re1 g5 43.
Kg3 Rb8 44. f3 Re8 45. Rb1 Rb8 46. Re1 Rb7 47. Re2 Kf8 48. Re1 Rd7 49. f4 Re7 50. Rxe7 Kxe7 51. Bg6 Kd7 52. Kf3 Ke7 53. fxg5 fxg5 54.
Ke4 Kf6 55. Bh5 Ke7 56. Ke5 Kd7 57. Bf7 Ke7 58. Bg6 Ne8 59. Bxe8 Kxe8 60. Kf5 b5 61.
cxb5 Kd7 1-0

[Event "*** Titled Tuesday Blitz"]
[Site "Chess.com"]
[Date "2019.04.02"]
[Round "8"]
[White "SolidAsARook"]
[Black "GCamachoMartinez"]
[Result "1-0"]
[WhiteElo "2251"]
[BlackElo "2335"]
[TimeControl "180+2"]
[EndTime "15:51:22 PDT"]
[Termination "SolidAsARook won by resignation"]

1. c4 e5 2. g3 Nc6 3. Bg2 g6 4. Nc3 Bg7 5. e4 Nge7 6. Nge2 O-O 7. O-O d6 8. d3 Nd4 9. Be3 Nec6 10. h3 Be6 11. Kh2 Qd7 12. f4 exf4 13. Nxf4 Rae8 14. Qd2 Kh8 15. Rab1 f5 16. b4 fxe4 17. Nxe4 Bf5 18. b5 Nd8 19. g4 Bxe4 20. Bxe4 Be5 21. Kh1 N8e6 22. Nxe6 Qxe6 23. Bh6 Rxf1+ 24. Rxf1 c6 25. bxc6 bxc6 26. Qf2 c5 27. Bd5 Qe7 28. Qf7 Qxf7 29. Rxf7 Ne2 30. Kg2 Nd4 31. Rxa7 Rb8 32. Ra8 Rxa8 33.
Bxa8 Bg7 34. Bf4 Be5 35. Bxe5+ dxe5 36. Be4 Kg7 37. a4 Nb3 38. Bd5 Kf6 39. h4 e4 40.
Bxe4 Ke5 41. Kg3 Na5 42. h5 gxh5 43. g5 h6 44. g6 Kf6 45. Kh4 Nb3 46. Kxh5 Kg7 47.
Kg4 Na5 48. Kf4 Kf6 49. Kg4 Nb3 50. Kh5 Kg7 51. Bd5 Na5 52. Be6 Nb3 53. Bd5 Na5 54. Be4 Nb3 55. Kg4 Kf6 56. Kf4 Na5 57. Ke3 Nb3 58. Ke2 h5 59. Kf3 Na5 60. Kg3 Nb3 61. Kh4 Na5 62. Kxh5 Kg7 63. Kg5 1-0

[Event "*** Titled Tuesday Blitz"]
[Site "Chess.com"]
[Date "2019.04.02"]
[Round "8"]
[White "DiogenesSinopeus"]
[Black "Ginger_GM"]
[Result "0-1"]
[WhiteElo "2439"]
[BlackElo "2626"]
[TimeControl "180+2"]
[EndTime "15:51:31 PDT"]
[Termination "Ginger_GM won by resignation"]

1. d4 e6 2. e4 d5 3. exd5 exd5 4. Nf3 Bg4 5. Bd3 Nf6 6. O-O Be7 7. Re1 O-O 8. Nbd2 c5 9. dxc5 Bxc5 10. c3 Nc6 11. Nb3 Bb6 12. Bg5 Qd6 13. h3 Bh5 14.
Be2 Ne4 15. Bh4 Qf4 16. Qc1 Qf5 17. Nbd4 Nxd4 18. Nxd4 Qe5 19. Bxh5 Qxh5 20. Bg3 Rfe8 21. Qf4 Qg6 22. Rad1 h5 23. Bh2 Rac8 24. f3 Ng5 25. Kh1 Ne6 26. Nxe6 fxe6 27. Qg3 Qf6 28. Qe5 Qg6 29. Bf4 Bc7 30. Qg5 Qxg5 31. Bxg5 Kf7 32. Be3 a6 33. Bd4 e5 34. Bg1 Rcd8 35. Bh2 Rd7 36.
Re2 Kf6 37. Bg3 g5 38. Rf1 h4 39. Bh2 b5 40. Rfe1 Rde7 41. Bg1 e4 42. Bc5 Re6 43.
Bd4+ Kg6 44. Kg1 Bg3 45. Bf2 Bf4 46. Bd4 Kf5 47. Be3 a5 48. Bxf4 gxf4 49. fxe4+ dxe4 50. Rd2 e3 51. Rd4 Re4 52. Rd5+ R8e5 53. Rd8 Re6 54. Rh8 R4e5 55. Rxh4 Ke4 56. g3 Rf5 57. Rf1 e2 58. Re1 Ke3 59. Rxf4 Rxf4 60. gxf4 Rg6+ 61. Kh2 Kf2 62.
Rxe2+ Kxe2 63. h4 Kf3 0-1

[Event "*** Titled Tuesday Blitz"]
[Site "Chess.com"]
[Date "2019.04.02"]
[Round "8"]
[White "Alex_Molchanov"]
[Black "MMSANCHEZ"]
[Result "1-0"]
[WhiteElo "2493"]
[BlackElo "2461"]
[TimeControl "180+2"]
[EndTime "15:51:33 PDT"]
[Termination "Alex_Molchanov won by resignation"]

1. c4 e5 2. g3 Nf6 3. Bg2 d5 4. cxd5 Nxd5 5. Nc3 Nb6 6. e3 Nc6 7. Nge2 Be7 8. O-O O-O 9. f4 f6 10. b3 Be6 11. Bb2 Qd7 12. Rc1 Rad8 13. fxe5 fxe5 14.
Rxf8+ Bxf8 15. Ne4 Qd3 16. N2c3 h6 17. Qh5 Bf7 18.
Qg4 Be7 19. Rf1 Qd7 20. Qf3 Bg6 21. h4 Rf8 22. Qe2 Rxf1+ 23. Qxf1 Nb4 24. Bh3 Qc6 25.
Bg2 Qd7 26. Ba3 a5 27. Bh3 Qc6 28. Bg2 Qd7 29. Qb5 Qxb5 30. Nxb5 c6 31. Nbc3 Kf7 32.
Bb2 Nd3 33. Ba1 Bf5 34. Bf1 Nb4 35. Nf2 Be6 36. Bb2 N4d5 37. Nfd1 Nf6 38. Ne2 Bd6 39. Nec3 Nbd5 40. Nxd5 cxd5 41. Nc3 e4 42. Nb5 Bxg3 43. Bc3 b6 44. Bd4 Nd7 45. h5 Bg4 46. Nc3 Be6 47.
Bb5 Nc5 48. Bc6 Be1 49. Nxd5 Bxd2 50. Nxb6 Nd3 51. Bxe4 Nc1 52. Bb1 Bg4 53. Nc4 Bxh5 54. Nxd2 g5 55. Kf2 Ne2 56. Be5 Nc1 57. Nc4 Ke6 58. Bg7 a4 59. bxa4 Bd1 60. a5 Kd5 61. Nd2 h5 62. a6 Kc6 63. Bd4 g4 64. Be4+ Kd6 65. a7 h4 66. a8=Q g3+ 67. Kg2 1-0

[Event "*** Titled Tuesday Blitz"]
[Site "Chess.com"]
[Date "2019.04.02"]
[Round "8"]
[White "nochewycandy"]
[Black "Davor_Rogic"]
[Result "0-1"]
[WhiteElo "2358"]
[BlackElo "2390"]
[TimeControl "180+2"]
[EndTime "15:51:37 PDT"]
[Termination "Davor_Rogic won on time"]

1. c4 e5 2. g3 Nf6 3. Bg2 d5 4.
cxd5 Nxd5 5. Nf3 Nc6 6. O-O Nde7 7. Nc3 g6 8. d4 exd4 9. Nb5 Bg7 10. Bf4 Nd5 11. Bg5 f6 12. Bc1 Be6 13. Nbxd4 Nxd4 14. Nxd4 Bf7 15. e4 Nb6 16. Bf4 O-O 17. Rc1 c6 18. b3 Qe7 19. Qc2 Rad8 20. Rcd1 f5 21. Ne2 fxe4 22. Bxe4 Nd5 23. Bf3 Nxf4 24. Nxf4 Rxd1 25.
Rxd1 Rd8 26. Rxd8+ Qxd8 27. Bg4 Qe7 28. Qd3 a5 29. h4 a4 30. Kh2 a3 31. h5 g5 32.
Ng2 Qf6 33. Qd7 Qxf2 34. Qd8+ Bf8 35. Qxg5+ Kh8 36. Qe5+ Bg7 37. Qb8+ Bg8 38. Be6 Qf8 39. Qxf8 Bxf8 40. Bxg8 Kxg8 41. g4 Kf7 42. Kg3 Ke6 43.
Ne3 Ke5 44. Kf3 h6 45. Nc2 b5 46. Ke3 Be7 47. Kf3 Bc5 48. g5 hxg5 49. Kg4 Kf6 50. Ne1 Bf8 51. Nf3 c5 52. Nxg5 c4 53. bxc4 b4 54. Ne4+ Ke5 55. Nd2 Kd4 56. Kf5 Bh6 57. Nb3+ Kxc4 58. Ke4 Kc3 59. Kd5 Kb2 60. Kc4 Bf8 61.
h6 Kxa2 62. h7 Bg7 63. Kxb4 Kb2 64. Na5 a2 65. Nc4+ Kc1 66. Na5 Kc2 67. Nb3 Kb2 68.
Ka4 Bc3 69. h8=Q Bxh8 70. Nc5 a1=Q+ 0-1

[Event "*** Titled Tuesday Blitz"]
[Site "Chess.com"]
[Date "2019.04.02"]
[Round "8"]
[White "Koksal06"]
[Black "INLOVEWITHF"]
[Result "1-0"]
[WhiteElo "2364"]
[BlackElo "2272"]
[TimeControl "180+2"]
[EndTime "15:51:38 PDT"]
[Termination "Koksal06 won by resignation"]

1. d4 Nf6 2. c4 g6 3. Nc3 Bg7 4. e4 d6 5. Nf3 O-O 6. Be2 e5 7. O-O Nc6 8. Be3 Ng4 9. Bg5 f6 10. Bc1 f5 11. Bg5 Qe8 12. exf5 Bxf5 13. h3 Nf6 14.
dxe5 Nxe5 15. Nd4 Bd7 16. f4 Nc6 17. Bf3 Ne4 18. Bxe4 Bxd4+ 19. Kh1 Bg7 20. Bd5+ Kh8 21. Qd2 Qc8 22. Rae1 Re8 23. Ne4 Bxh3 24. gxh3 Qxh3+ 25. Qh2 Qf5 26. Ng3 Qd3 27. b3 Nd4 28. Bxb7 Rxe1 29. Rxe1 Rf8 30. Be4 Qc3 31. Rf1 Nf5 32. Nxf5 gxf5 33.
Bd5 Qd3 34. Qg2 Re8 35. Qf3 Qd2 36. Bh4 Qxa2 37. Rg1 Qb2 38. Qg2 Qc3 39. Bf2 Qf6 40.
Bxa7 Qh6+ 41. Qh2 Qf6 42. Bf2 Qe7 43. Qg2 Qf6 44. Re1 Rf8 45. Rd1 Qh6+ 46. Qh2 Qf6 47.
Bd4 Qg6 48. Bxg7+ Qxg7 49. Qg2 Qf6 50. Rg1 Qh4+ 51. Qh2 Qf6 52. Qg3 h6 53. Rg2 c5 54.
Rc2 Qa1+ 55. Kh2 Qf6 56. Qc3 Qxc3 57. Rxc3 Re8 58. Kg3 Kg7 59. Kf3 Kf6 60. Re3 Rxe3+ 61. Kxe3 h5 62. Kf3 h4 63. Kg2 Kg6 64. Kh3 1-0

[Event "*** Titled Tuesday Blitz"]
[Site "Chess.com"]
[Date "2019.04.02"]
[Round "8"]
[White "lachesisQ"]
[Black "MatthewG-p4p"]
[Result "1-0"]
[WhiteElo "3013"]
[BlackElo "2687"]
[TimeControl "180+2"]
[EndTime "15:51:43 PDT"]
[Termination "lachesisQ won by resignation"]

1. e4 e6 2. d4 d5 3. Nc3 Bb4 4.
a3 Bxc3+ 5. bxc3 dxe4 6. Qg4 Nf6 7. Qxg7 Rg8 8. Qh6 Rg6 9. Qd2 Nbd7 10. Ne2 b6 11.
Nf4 Rg8 12. c4 Bb7 13. Bb2 Qe7 14. O-O-O O-O-O 15. Be2 Qd6 16. h3 c5 17. dxc5 Qxc5 18. Qe3 Qxe3+ 19. fxe3 Rg3 20. Rhf1 Rxe3 21. c5 e5 22. c6 exf4 23. Bxf6 Bxc6 24. Ba6+ Kc7 25. Bxd8+ Kxd8 26. Rxf4 Ke7 27. Rdf1 Bd5 28. Rd1 Be6 29. Bc8 Nc5 30. Bxe6 Nxe6 31. Rh4 Rxa3 32. Rxe4 Rg3 33.
Rd2 a5 34. Rh4 Ng5 35. Re2+ Kd6 36. Rh6+ Kc5 37. h4 Ne6 38. Rxh7 Nf4 39. Rf2 Nxg2 40. h5 Ne3 41. Rhxf7 Nc4 42. h6 Rh3 43. h7 Kb4 44. R2f3 Rh2 45. Rb3+ Kc5 46. Rbf3 Kb4 47. Kd1 a4 48. Ke1 a3 49. Ra7 a2 50. Rxa2 Rxh7 51. Rb3+ Kc5 52. Ra8 Re7+ 53. Kd1 Rd7+ 54. Kc1 Rc7 55.
Rh8 Kc6 56. Rbh3 Rf7 57. c3 Rf2 58. R8h5 Na3 59. Kd1 Ra2 60. Rg3 Nc4 61. Rh4 Nb2+ 62. Kc2 Nc4+ 63. Kb3 Ra3+ 64. Kb4 b5 65. Rxc4+ 1-0

[Event "*** Titled Tuesday Blitz"]
[Site "Chess.com"]
[Date "2019.04.02"]
[Round "8"]
[White "MathiasWomacka"]
[Black "cukus"]
[Result "1-0"]
[WhiteElo "2282"]
[BlackElo "2383"]
[TimeControl "180+2"]
[EndTime "15:51:46 PDT"]
[Termination "MathiasWomacka won on time"]

1. e4 e5 2. Nf3 Nf6 3. Nxe5 d6 4. Nf3 Nxe4 5. d4 d5 6. Bd3 Bd6 7. O-O O-O 8. c4 c6 9. Re1 Bf5 10. Qc2 Bg6 11. c5 Bc7 12. Nc3 Nxc3 13. bxc3 Bxd3 14.
Qxd3 Nd7 15. Bg5 f6 16. Bh4 Re8 17. c4 Nf8 18. Rxe8 Qxe8 19. cxd5 cxd5 20. Qb3 Qc6 21. Bg3 Bxg3 22. hxg3 Re8 23. Rb1 Re7 24. Qa3 a6 25.
Rb6 Qc7 26. Qb3 Qd7 27. Rd6 Qg4 28. Qxd5+ Rf7 29. Rd8 g6 30. Rb8 Qd7 31. Qxd7 Rxd7 32. Kf1 Kf7 33. Ke2 Ne6 34. Ke3 Nc7 35. Nd2 Nd5+ 36.
Kd3 Nb4+ 37. Kc4 Rxd4+ 38. Kxd4 Nc6+ 39. Kd5 Nxb8 40. Kd6 Ke8 41. Ne4 Nd7 42. Ke6 Kd8 43. g4 Kc7 44. Nxf6 Nxc5+ 45. Kf7 Nd3 46. f3 h5 47. gxh5 gxh5 48. Nxh5 Kd6 49. g4 b5 50. g5 a5 51. g6 Ne5+ 52. Kf6 Nxg6 53. Kxg6 Ke5 54.
f4+ Ke4 55. f5 b4 56. f6 a4 57. f7 b3 58. axb3 axb3 59. f8=Q 1-0

[Event "*** Titled Tuesday Blitz"]
[Site "Chess.com"]
[Date "2019.04.02"]
[Round "8"]
[White "effefe"]
[Black "Chesstrainer1"]
[Result "1-0"]
[WhiteElo "2291"]
[BlackElo "2403"]
[TimeControl "180+2"]
[EndTime "15:51:49 PDT"]
[Termination "effefe won on time"]

1. d4 Nf6 2. c4 g6 3. Nc3 Bg7 4. e4 d6 5. Be2 O-O 6. Be3 Na6 7. g4 e5 8. d5 c6 9. g5 Ne8 10. h4 cxd5 11. cxd5 f5 12. gxf6 Nxf6 13. h5 gxh5 14. Bxh5 Nc5 15. Bf3 Qa5 16. Kf1 b5 17. Bxc5 dxc5 18.
Nh3 b4 19. Ne2 c4 20. Ng5 Qc5 21. Ng3 h6 22. Ne6 Bxe6 23. dxe6 Rad8 24. Qe2 Rfe8 25. Nf5 Rxe6 26. Rg1 Rd7 27. Nxh6+ Kf8 28. Nf5 c3 29. bxc3 bxc3 30. Bg4 c2 31. Rc1 Rc6 32. Nh4 Rb7 33. Ng6+ Ke8 34. Bh5 Kd8 35. Kg2 Kc8 36. Bg4+ Kb8 37.
Bf5 Bh6 38. Qd3 a6 39. f4 exf4 40. Kf3 Ka7 41. e5 Nd5 42. Be4 Rd7 43. Rxc2 Qxc2 44. Qxc2 Rxc2 45. Bxc2 Ne3 46. Be4 Rc7 47. Rb1 a5 48. e6 Bg5 49. Rb5 Bh6 50. Rxa5+ Kb6 51. Rh5 Rc3 52. Ke2 Ng4 53. e7 Re3+ 54. Kd1 Rxe4 55. Ne5 Nf6 56. Rxh6 Rxe5 57. Rxf6+ Kc5 58. Rf5 Rxf5 59. e8=Q Rd5+ 60. Ke2 Kd4 61. Kf3 Ra5 62. Qd8+ 1-0

[Event "*** Titled Tuesday Blitz"]
[Site "Chess.com"]
[Date "2019.04.02"]
[Round "8"]
[White "GataKamsky1974"]
[Black "FairChess_on_YouTube"]
[Result "1-0"]
[WhiteElo "2791"]
[BlackElo "3029"]
[TimeControl "180+2"]
[EndTime "15:51:53 PDT"]
[Termination "GataKamsky1974 won by checkmate"]

1. d4 Nf6 2. Nf3 e6 3. Bf4 d6 4. h3 g6 5. c3 Bg7 6. Nbd2 O-O 7.
Bh2 b6 8. e4 Bb7 9. Bd3 Nfd7 10. O-O e5 11. Re1 Nc6 12. Nb3 Qe7 13. a4 a6 14. Bc4 Kh8 15. Bd5 Nd8 16. Bxb7 Nxb7 17.
Qd3 Qe6 18. Nbd2 a5 19. Qb5 Nd8 20. Rad1 f6 21. Bg3 Qe8 22. Qc4 Ne6 23. Nf1 Rc8 24. Ne3 Qf7 25. Qc6 Nd8 26. Qb5 Qe6 27. Nd2 f5 28. Nc2 f4 29. Bh4 Nf7 30. d5 Qe8 31. f3 g5 32. Bf2 h5 33. Kf1 Qe7 34.
Ke2 Nf6 35. Rh1 Bh6 36. b4 Ra8 37. Nb3 Rfb8 38. Rb1 Kg7 39. bxa5 bxa5 40. Qc4 g4 41.
hxg4 hxg4 42. Bh4 Bg5 43. Bxg5 Nxg5 44. Nd2 Kg6 45. Na3 Nh5 46. Kd3 Ng3 47. Rxb8 Rxb8 48. Rb1 Rxb1 49. Naxb1 Qh7 50. Qc6 Qh1 51. Qxc7 Qxg2 52.
Qxd6+ Kh5 53. fxg4+ Kh4 54. Qxe5 Qe2+ 55. Kc2 f3 56. d6 f2 57. d7 f1=Q 58. d8=Q Qfd1+ 59. Kb2 Nxe4 60. Qdh8+ Kxg4 61. Qc8+ Kh4 62. Qch8+ Kg4 63.
Qc8+ Kh4 64. Qf4+ Kh5 65. Qe8+ Kh6 66. Qff8+ Kh7 67. Qh8# 1-0

[Event "*** Titled Tuesday Blitz"]
[Site "Chess.com"]
[Date "2019.04.02"]
[Round "8"]
[White "pastouche06"]
[Black "STAYFlow"]
[Result "0-1"]
[WhiteElo "2367"]
[BlackElo "2256"]
[TimeControl "180+2"]
[EndTime "15:51:55 PDT"]
[Termination "STAYFlow won by resignation"]

1. c4 e6 2. Nf3 d5 3. g3 Nf6 4.
Bg2 Be7 5. O-O O-O 6. d4 dxc4 7. Ne5 Qd6 8. Nxc4 Qa6 9. Nbd2 Nc6 10. e3 Rd8 11. a3 Na5 12. Qc2 Nxc4 13. Nxc4 c5 14. dxc5 Bxc5 15. Bd2 Nd5 16. b4 Be7 17.
e4 Nb6 18. Na5 Qd3 19. Qxd3 Rxd3 20. Bf4 f6 21. Rfc1 e5 22. Be3 Bd8 23. Bf1 Rd7 24.
Bb5 Rc7 25. Rd1 Bg4 26. Rdc1 Rac8 27. Kg2 Be6 28. Rxc7 Rxc7 29. Rc1 Bc8 30. Bxb6 axb6 31. Rxc7 Bxc7 32. Nc4 Be6 33. Kf3 Kf8 34. Ke3 Ke7 35. f4 exf4+ 36. gxf4 g5 37. f5 Bxc4 38. Bxc4 Bxh2 39.
Bd5 Be5 40. b5 Kd6 41. Bxb7 Kc5 42. Bc6 h5 43. Kf3 Bb2 44. Be8 h4 45. a4 Kb4 46.
Kg4 Kxa4 47. Bc6 Kb4 48. Kh3 Kc5 49. Kg4 Kd4 50. Bd5 Ke3 51. Bc6 Be5 52. Bd5 Kf2 53. Bb3 Kg2 54. Bd1 h3 55. Bf3+ Kf2 56. Bh1 Kg1 57.
Bf3 h2 0-1

[Event "*** Titled Tuesday Blitz"]
[Site "Chess.com"]
[Date "2019.04.02"]
[Round "8"]
[White "mbojan"]
[Black "vladimirdamjanovic"]
[Result "1/2-1/2"]
[WhiteElo "2516"]
[BlackElo "2571"]
[TimeControl "180+2"]
[EndTime "15:52:02 PDT"]
[Termination "Game drawn by stalemate"]

1. e4 c5 2. Nc3 g6 3. Nge2 Bg7 4. g3 d6 5. Bg2 Nc6 6. O-O Bg4 7. h3 Bxe2 8. Qxe2 e6 9. Rb1 Nge7 10. d3 O-O 11. Kh2 Nd4 12. Qd1 b5 13. Ne2 Nec6 14. Nxd4 Nxd4 15.
f4 b4 16. Be3 Qa5 17. Ra1 Rab8 18. Qd2 f5 19. exf5 Nxf5 20. Rfb1 Nxe3 21. Qxe3 Rbe8 22. a3 b3 23. cxb3 e5 24. Re1 Kh8 25. b4 Qc7 26. bxc5 dxc5 27. Rac1 Qd8 28. fxe5 Rxe5 29. Qd2 Qd6 30. Be4 Qd4 31. Rc2 c4 32. Qg2 cxd3 33. Rd2 Rfe8 34. Rxd3 Qxd3 35. Bxd3 Rxe1 36. h4 Rd1 37.
Bb5 Rb8 38. Qc6 Rd2+ 39. Kh3 Rxb2 40. a4 Rf8 41. h5 gxh5 42. Qe4 Rbf2 43. Bd3 R2f5 44.
Qxf5 Rxf5 45. Bxf5 Bf6 46. Bd7 Kg7 47. Be8 Kh6 48. Bf7 Kg5 49. Be8 h6 50. Bf7 a5 51.
Be8 Bd4 52. Bf7 Bc3 53. Be8 Be1 54. Bf7 h4 55. gxh4+ Bxh4 56. Be8 Be1 57. Bb5 Bb4 58. Kg2 h5 59. Kh3 h4 60. Be2 Be7 61. Bg4 Kf4 62.
Bh5 Ke3 63. Bg4 Kd4 64. Bh5 Kc3 65. Bg4 Kb3 66. Bh5 Kxa4 67. Bg4 Kb4 68. Bd7 Kc5 69.
Be8 Kb6 70. Bd7 Kc7 71. Be8 Kd6 72. Ba4 Ke5 73. Be8 Kd4 74. Ba4 Kc3 75. Be8 Kb3 76. Bd7 Kb4 77. Be8 Kc5 78. Bd7 Kb6 79. Be8 Kc7 80. Ba4 Kd6 81. Bb5 Bd8 82. Be8 Kc5 83. Ba4 Kb4 84. Be8 Kb3 85. Bd7 Kc3 86. Be8 Kb4 87. Bd7 Be7 88. Be8 a4 89. Bxa4 Kxa4 90.
Kg2 Kb4 91. Kh1 Kc5 92. Kg2 Kd6 93. Kh1 Ke5 94. Kg2 Kf6 95. Kh1 Kg5 96. Kg2 Kg4 97.
Kh1 Bc5 98. Kh2 Bb6 99. Kh1 Kg3 1/2-1/2

[Event "*** Titled Tuesday Blitz"]
[Site "Chess.com"]
[Date "2019.04.02"]
[Round "8"]
[White "wannabe2700"]
[Black "jcgs1030"]
[Result "0-1"]
[WhiteElo "2593"]
[BlackElo "2355"]
[TimeControl "180+2"]
[EndTime "15:52:04 PDT"]
[Termination "jcgs1030 won by checkmate"]

1. e4 c5 2. Nf3 d6 3. d4 cxd4 4. Nxd4 Nf6 5. Nc3 g6 6. Be3 Bg7 7. f3 O-O 8. Qd2 Nc6 9. O-O-O d5 10. Kb1 Nxd4 11. e5 Nf5 12. exf6 exf6 13. Nxd5 Be6 14.
Bc5 Bxd5 15. Bxf8 Qxf8 16. Qxd5 Ne3 17. Qd2 Nxd1 18. Qxd1 f5 19. c3 b5 20. Bxb5 Rb8 21. Qa4 Qc5 22. Bc4 Bxc3 23. Bb3 Bg7 24. Re1 Rf8 25. Qc4 Qf2 26. Qe2 Qd4 27. Rd1 Qf6 28.
Rd7 h5 29. f4 Kh7 30. Rd2 a5 31. Qb5 Rd8 32. Bd5 a4 33. a3 Rd6 34. Qc4 Rb6 35.
Qe2 Qd6 36. Ka2 Qxf4 37. Bxf7 Qxh2 38. Qe8 Qf4 39. Rc2 Qe4 40. Qxe4 fxe4 41. Be8 e3 42. Bxa4 Bxb2 43. Bb3 Bd4 44. a4 Kh6 45. Bc4 Rb4 46.
Bb5 Kg5 47. Ka3 Rb1 48. Bd3 Rd1 49. Be2 Rd2 50. Kb3 Kf4 51. a5 h4 52. a6 Rxc2 53. Kxc2 Kg3 54. Kd3 Ba7 55. Ke4 Kxg2 56. Kf4 Kf2 57. Bg4 e2 58. Bxe2 Kxe2 59. Kg4 g5 60. Kxg5 h3 61. Kg4 h2 62. Kg3 h1=Q 63. Kg4 Qa8 64.
Kf5 Qb8 65. Ke6 Qb6+ 66. Kd5 Qc5+ 67. Ke4 Qa5 68. Kf4 Qxa6 69. Kg4 Ke3 70. Kh4 Qg6 71. Kh3 Kf3 72. Kh4 Qg4# 0-1

[Event "*** Titled Tuesday Blitz"]
[Site "Chess.com"]
[Date "2019.04.02"]
[Round "8"]
[White "Heineccius"]
[Black "Manukyan_Artak"]
[Result "1/2-1/2"]
[WhiteElo "2495"]
[BlackElo "2455"]
[TimeControl "180+2"]
[EndTime "15:52:18 PDT"]
[Termination "Game drawn by repetition"]

1. d4 Nf6 2. c4 e6 3. Nc3 Bb4 4.
g3 d5 5. Bg2 O-O 6. Nf3 dxc4 7.
Qa4 a5 8. O-O Bd7 9. Qc2 Bc6 10.
Bg5 Nbd7 11. Rfd1 h6 12. Bxf6 Nxf6 13. Ne5 Bxg2 14. Kxg2 Bxc3 15. Qxc3 b5 16. a4 Qd5+ 17. f3 c6 18. axb5 cxb5 19. Rxa5 Rxa5 20. Qxa5 Ra8 21.
Qc7 Rf8 22. Kf2 Ne8 23. Qc5 Nf6 24. Qxd5 Nxd5 25. Ra1 Rc8 26. Ra5 b4 27. Rc5 Rxc5 28. dxc5 c3 29. bxc3 bxc3 30. Nd3 c2 31. Nc1 Kf8 32.
e4 Nb4 33. Ke3 Ke7 34. Kd4 Kd7 35. Kc4 Na6 36. Kb5 Nc7+ 37. Kb6 e5 38. Kb7 Ne6 39. c6+ Kd6 40. Kb6 g6 41. Nd3 f5 42. Nc1 fxe4 43.
fxe4 Nc7 44. Kb7 Nb5 45. Kb6 Nc7 46. Nb3 Ne6 47. Nc1 g5 48. g4 Nc7 49. Nd3 Ne6 50.
Nc1 Nc7 51. h3 Na8+ 52. Kb5 Nc7+ 53. Kb6 Ne6 54. Nd3 Nc5 55. Nc1 Ne6 56. Ne2 Nd4 57.
Nc1 Nxc6 58. Kb5 Nd4+ 59. Kc4 Kc6 60. Nd3 Kd6 61. Kc3 Ne2+ 62. Kxc2 Nf4 63. Nf2 Kc5 64. Kc3 h5 65. gxh5 Nxh5 66. Ng4 Kd6 67. Ne3 Nf4 68. h4 gxh4 69. Nf5+ Kc5 70. Nxh4 Ne6 71. Nf3 Kd6 72. Kc4 Nf8 73. Nh4 Nd7 74. Nf5+ Ke6 75. Ng3 Nb6+ 76. Kc5 Na4+ 77. Kc4 Nb6+ 78. Kc5 Nd7+ 79. Kc4 Nf6 80. Kc5 Nd7+ 81. Kc4 1/2-1/2

[Event "*** Titled Tuesday Blitz"]
[Site "Chess.com"]
[Date "2019.04.02"]
[Round "8"]
[White "aa175"]
[Black "GremioPrudente"]
[Result "1/2-1/2"]
[WhiteElo "1930"]
[BlackElo "2055"]
[TimeControl "180+2"]
[EndTime "15:52:19 PDT"]
[Termination "Game drawn by agreement"]

1. e4 e6 2. d4 d5 3. exd5 exd5 4.
Nf3 Nf6 5. c3 Bd6 6. Bd3 O-O 7.
O-O Bg4 8. Nbd2 c6 9. h3 Bh5 10. Re1 Nbd7 11. Nf1 h6 12. Ng3 Bxg3 13. fxg3 Re8 14.
Bf4 Ne4 15. g4 Bg6 16. Ne5 Nxe5 17. Bxe5 Qh4 18. Qf3 f6 19. Bf4 Ng5 20. Bxg5 Rxe1+ 21. Kh2 Qxg5 22. Rxe1 Bxd3 23. Qxd3 Qf4+ 24. Qg3 Qxg3+ 25. Kxg3 Kf7 26. h4 Rd8 27. Kf4 g6 28. h5 gxh5 29. gxh5 Rg8 30. g4 Rg5 31. Re2 f5 32. gxf5 Rxh5 33.
Re6 Rh2 34. Rd6 Ke7 35. Rg6 Rxb2 36. Rxh6 Rxa2 37. Rh7+ Kf6 38. Rxb7 Rf2+ 39. Ke3 Ra2 40. Kf4 Rf2+ 41. Ke3 Ra2 42. Rc7 Kxf5 43. Rxc6 Ra3 44. Rd6 Rxc3+ 45. Kd2 Rh3 46. Rxd5+ Ke4 47. Ra5 Rd3+ 48.
Ke2 Rxd4 49. Rxa7 Kd5 50. Ke3 Rh4 51. Kd3 Rh3+ 52. Ke2 Rh2+ 53. Ke3 Rh3+ 54. Kf4 Rb3 55. Rd7+ Ke6 56. Rd8 Ke7 57. Ra8 Rb4+ 58. Ke5 Rb5+ 59.
Kd4 Rb2 60. Ra6 Rd2+ 61. Ke5 Rh2 62. Ra7+ Kd8 63. Ke6 Re2+ 64. Kd6 Rd2+ 65. Kc6 Rc2+ 66. Kd6 Rd2+ 67. Ke6 Re2+ 68. Kf6 Rf2+ 69. Ke5 Re2+ 70. Kd4 Re7 71. Ra8+ Kd7 72. Kd5 Re1 73. Ra7+ Ke8 74. Kd6 Rd1+ 75. Ke6 Re1+ 76. Kd5 Rd1+ 77. Ke5 Re1+ 78.
Kd4 1/2-1/2

[Event "*** Titled Tuesday Blitz"]
[Site "Chess.com"]
[Date "2019.04.02"]
[Round "8"]
[White "warmoatmeal"]
[Black "Schachmalanders"]
[Result "1-0"]
[WhiteElo "1807"]
[BlackElo "2267"]
[TimeControl "180+2"]
[EndTime "15:52:21 PDT"]
[Termination "warmoatmeal won by checkmate"]

1. d4 d5 2. Bf4 c6 3. c3 Bf5 4.
Nd2 e6 5. Qb3 Qb6 6. e3 Nd7 7.
Ngf3 Ngf6 8. h3 h6 9. Be2 Be7 10.
O-O O-O 11. Rad1 Ne4 12. c4 Nxd2 13. Nxd2 Qxb3 14. axb3 f6 15. Ra1 e5 16. dxe5 fxe5 17. Bg3 a6 18. Nf3 Bf6 19. cxd5 cxd5 20. Rfd1 Be6 21.
Rac1 Rac8 22. Kf1 Kf7 23. Ke1 Ke7 24. Bh4 Bxh4 25. Nxh4 Nc5 26. Ng6+ Kd6 27. Nxf8 Rxf8 28. b4 Ne4 29. Bf3 Ng5 30. Bxd5 Bxd5 31. Rc5 Ke6 32. Rcxd5 Nf7 33. Rd7 Rc8 34. Rxb7 Rc2 35. e4 Rxb2 36.
Rdd7 Nd6 37. Rxg7 Nxb7 38. Rxb7 Kd6 39. Rb6+ Kc7 40. Rxa6 Rxb4 41. Rxh6 Rxe4+ 42. Kd2 Ra4 43. Ke3 Kd7 44. f3 Ke7 45. h4 Kf7 46. h5 Ra2 47. g4 Ra4 48. Rb6 Kg7 49. g5 Rh4 50. Rb7+ Kg8 51.
h6 Rh5 52. f4 exf4+ 53. Kxf4 Rh1 54. Kf5 Kf8 55. Kg6 Rh2 56. h7 Rh1 57. Rb8+ Ke7 58. h8=Q Rxh8 59. Rxh8 Kd7 60. Kf7 Kd6 61. g6 Kd5 62. g7 Ke5 63. g8=Q Kd6 64. Qg6+ Kd5 65. Qe6+ Kd4 66. Rd8+ Kc5 67. Qc8+ Kb6 68. Qc1 Kb7 69. Rd2 Kb6 70. Rb2+ Ka6 71. Qa1# 1-0

[Event "*** Titled Tuesday Blitz"]
[Site "Chess.com"]
[Date "2019.04.02"]
[Round "8"]
[White "Sajkochess"]
[Black "1995Tiger"]
[Result "1-0"]
[WhiteElo "2341"]
[BlackElo "2068"]
[TimeControl "180+2"]
[EndTime "15:52:25 PDT"]
[Termination "Sajkochess won by resignation"]

1. e4 e5 2. Nf3 Nc6 3. Bb5 a6 4. Ba4 Nf6 5. O-O Be7 6. Re1 b5 7. Bb3 d6 8. c3 O-O 9. h3 Nb8 10.
d4 Nbd7 11. Nbd2 Bb7 12. Bc2 Re8 13. Nf1 Bf8 14. Ng3 g6 15. dxe5 dxe5 16. Qe2 c5 17.
Bg5 Qc7 18. Rad1 h6 19. Bc1 c4 20. h4 h5 21. Bg5 Ng4 22. Nh2 Ndf6 23. Rd2 Bc5 24.
Qf3 Nxh2 25. Qxf6 Ng4 26. Qf3 Qb6 27. Nf1 f6 28. Be3 Nxe3 29. Nxe3 Rad8 30. Nd5 Bxd5 31. exd5 f5 32. Qg3 Qf6 33. b4 Bd6 34. Qe3 Qxh4 35.
g3 Qf6 36. Qb6 e4 37. Qe3 f4 38.
Qd4 Be5 39. Qxe4 Bxc3 40. Qxe8+ Rxe8 41. Rxe8+ Kf7 42. Rde2 fxg3 43. fxg3 Qf3 44. R2e7+ Kf6 45. Rf8+ Kxe7 46. Rxf3 Bxb4 47. Kf1 Bc5 48. Bxg6 a5 49. Ke2 b4 50. Kd2 a4 51. Kc2 Kd6 52. Be4 Ke5 53.
Bg6 Bd6 54. Rf4 b3+ 55. axb3 cxb3+ 56. Kb1 a3 57. Rf3 b2 58. Rd3 Bc5 59. Bxh5 Bd6 60. Be2 Ke4 61. g4 Ke5 62. g5 Kf5 63. Rb3 Kxg5 64.
Rb6 Bf8 65. d6 Kf6 66. d7+ Ke7 67. Rb8 a2+ 68. Kxa2 b1=R 69. Kxb1 1-0